Map: Dusk Towers

Players

IIIlllIIIlll

  • Race: Zerg Zerg
  • League: Master

Miszu - Winner!

  • Race: Terran Terran
  • League: Grandmaster

VOD

Have the link to the VOD?

Description

Time

  • Played on: Feb. 13, 2016, 6:38 p.m.
  • Length: 9:32
Show
View Real Time Build Order
Export as new Build Order

IIIlllIIIlll Zerg 

Build Orders: Hatch First, Muta Ling Bane 

Get SALT Encoding   

  12  0:01  Drone  
  13  0:12  Overlord  
  13  0:17  Drone  
  14  0:31  Drone x2  
  14  0:34  Drone  
  17  0:53  Hatchery  
  17  0:56  Drone  
  17  0:59  Drone  
  18  1:09  Extractor  
  17  1:15  Spawning Pool  
  17  1:16  Drone  
  17  1:19  Drone  
  18  1:28  Drone  
  19  1:39  Overlord  
  19  1:50  Drone  
  20  2:02  Queen  
  20  2:03  Zergling x2  
  20  2:04  Queen  
  20  2:05  Zergling x2  
  26  2:11  Metabolic Boost  
  26  2:12  Drone  
  27  2:18  Drone  
  28  2:26  Drone x2  
  30  2:36  Overlord  
  30  2:38  Queen  
  30  2:43  Drone x2  
  34  2:54  Drone x2  
  36  3:05  Drone x2  
  38  3:11  Overlord  
  38  3:14  Drone  
  38  3:15  Drone x5  
  44  3:26  Hatchery  
  43  3:31  Extractor  
  42  3:38  Overlord, Queen x2  
  46  3:41  Drone x3  
  46  3:42  Drone  
  46  3:47  Baneling Nest  
  49  3:55  Overlord  
  49  3:57  Drone  
  49  3:58  Zergling x4, Drone x2  
  49  3:59  Zergling x2  
  55  4:04  Overlord  
  55  4:12  Spore Crawler  
  55  4:14  Spore Crawler  
  55  4:16  Lair  
  53  4:20  Drone  
  54  4:25  Drone  
  54  4:26  Drone x4  
  54  4:29  Spore Crawler  
  58  4:33  Evolution Chamber  
  58  4:34  Evolution Chamber  
  56  4:46  Extractor  
  56  4:47  Drone x9  
  56  4:50  Drone  
  65  4:55  Drone  
  65  4:57  Overlord x2  
  66  5:02  Zerg Ground Armor Level 1  
  66  5:06  Zerg Melee Weapons Level 1  
  66  5:17  Drone x7  
  73  5:21  Queen  
  73  5:23  Overseer  
  73  5:26  Extractor  
  74  5:30  Drone  
  74  5:31  Spire, Drone  
  74  5:34  Overseer  
  75  5:36  Drone x3  
  76  5:44  Drone x5  
  76  5:48  Extractor  
  80  5:54  Drone  
  80  5:55  Drone  
  80  5:56  Overlord x3  
  82  6:01  Extractor  
  77  6:13  Spore Crawler  
  77  6:14  Drone x7  
  78  6:20  Overlord  
  77  6:30  Drone x4  
  81  6:33  Hatchery  
  81  6:36  Drone x4  
  84  6:47  Mutalisk x4  
  84  6:52  Mutalisk x2  
  96  7:00  Centrifical Hooks  
  96  7:02  Zerg Melee Weapons Level 2  
  96  7:06  Zerg Ground Armor Level 2  
  96  7:13  Zergling x12  
  102  7:20  Hatchery  
  101  7:23  Zergling x6  
  104  7:30  Zerg Flyer Weapons Level 1  
  104  7:38  Mutalisk x4  
  104  7:43  Zergling x2  
  104  7:44  Zergling x2  
  114  7:47  Overlord x3  
  114  7:48  Overlord  
  114  7:54  Overlord x2  
  114  7:55  Overlord  
  114  7:57  Drone x4  
  118  8:00  Zergling x4  
  118  8:04  Baneling x4  
  118  8:05  Baneling x6  
  119  8:24  Zergling x28  
  133  8:30  Zergling x6  
  136  8:40  Baneling x3  
  136  8:44  Zergling x10  
  136  8:45  Zergling x10  
  132  9:00  Zergling x10  
  129  9:05  Hatchery  
  129  9:09  Zergling x8  
Show
View Real Time Build Order
Export as new Build Order

Miszu Terran - Winner!

Build Orders: Liberator Opening, MMM Bio 

Get SALT Encoding   

  12  0:00  SCV  
  13  0:12  SCV  
  14  0:17  Supply Depot  
  14  0:25  SCV  
  15  0:39  SCV  
  15  0:41  Barracks  
  16  0:43  Refinery  
  16  0:51  SCV  
  17  1:04  SCV  
  18  1:16  SCV  
  19  1:31  Orbital Command  
  19  1:32  Barracks Reactor  
  19  1:39  Command Center  
  19  1:46  Supply Depot  
  19  1:57  SCV  
  20  2:10  Factory, SCV  
  20  2:11  Refinery  
  20  2:14  Marine x2  
  23  2:22  SCV  
  24  2:32  Marine x2  
  24  2:34  SCV  
  27  2:46  SCV  
  27  2:50  Orbital Command  
  28  2:54  Starport  
  28  2:55  Factory Tech Lab  
  28  2:58  SCV  
  28  3:05  Hellion  
  31  3:06  Hellion, Barracks Tech Lab  
  31  3:11  SCV  
  34  3:16  SCV  
  35  3:23  SCV  
  36  3:28  SCV  
  36  3:29  Liberator  
  36  3:31  Barracks Tech Lab  
  37  3:35  SCV  
  37  3:39  Fusion Core  
  37  3:40  SCV  
  39  3:46  Supply Depot  
  39  3:47  SCV  
  43  3:53  SCV  
  44  3:59  Command Center  
  44  4:04  SCV  
  44  4:06  SCV  
  44  4:08  Marine  
  47  4:12  Liberator  
  47  4:16  SCV  
  48  4:18  SCV  
  48  4:19  Barracks  
  48  4:20  Barracks  
  48  4:21  Factory Reactor  
  48  4:22  Refinery x2  
  49  4:26  Stimpack  
  49  4:28  SCV  
  49  4:30  SCV  
  54  4:32  Supply Depot  
  54  4:48  Engineering Bay  
  54  4:50  Engineering Bay  
  54  4:54  Supply Depot, SCV x2  
  54  4:56  Marine  
  57  5:03  Supply Depot  
  57  5:05  Factory Tech Lab  
  57  5:06  SCV x2  
  59  5:14  Marine x2  
  56  5:18  SCV x2  
  59  5:22  Orbital Command  
  59  5:25  Starport Reactor  
  59  5:26  Marine  
  59  5:27  Terran Infantry Armor Level 1  
  60  5:29  Terran Infantry Weapons Level 1  
  60  5:30  SCV x2  
  62  5:40  Marine x2  
  62  5:42  SCV x2  
  66  5:43  Marine x2  
  71  5:50  Siege Tank, Orbital Command  
  71  5:51  Barracks  
  71  5:52  Barracks  
  71  5:54  SCV x2  
  73  6:07  Marine x5  
  73  6:08  Medivac x2  
  73  6:10  SCV x2  
  84  6:13  Supply Depot  
  84  6:15  Supply Depot  
  84  6:16  Supply Depot  
  84  6:25  Marine x4, Siege Tank  
  89  6:27  SCV  
  93  6:34  SCV x2  
  93  6:39  Barracks Tech Lab, Marauder  
  96  6:40  Marauder, Combat Shields  
  96  6:41  Concussive Shells  
  96  6:42  SCV  
  96  6:43  Marine x4  
  96  6:47  SCV  
  104  6:48  Missile Turret  
  104  6:59  Armory, Missile Turret  
  107  7:03  Siege Tank  
  107  7:04  Marauder x2  
  107  7:05  Medivac  
  107  7:06  Medivac  
  115  7:12  Supply Depot  
  115  7:13  Supply Depot  
  115  7:16  Armory  
  115  7:21  Refinery  
  115  7:22  Refinery  
  115  7:29  Marauder  
  117  7:33  Marine x3  
  117  7:35  Medivac, Siege Tank  
  127  7:41  Marine, Marauder  
  127  7:42  Marauder  
  132  7:50  Marine  
  132  7:51  Marine x2  
  133  7:55  Supply Depot x2  
  133  7:56  Supply Depot  
  133  8:16  Marauder x2, Marine, Siege Tank  
  133  8:17  Marine  
  133  8:18  Supply Depot x2  
  142  8:21  Marine  
  142  8:22  Marine, Marauder  
  142  8:23  Supply Depot  
  146  8:34  Marine x2  
  146  8:37  Marine x2  
  146  8:39  Marine  
  146  8:40  Marine  
  147  8:43  Marauder  
  146  8:52  Marine x2  
  147  8:56  Marauder x2  
  147  8:57  Marine x2  
  146  9:04  Marine  
  146  9:09  Marine  
  137  9:10  Marine  
Tags
 
Add a new tag
Caveats
  • Supply blocks, unpowered buildings, or Contaminate may cause inaccurate times.
  • Supply counts are checked every 10 seconds.